 Dungeon Crawl Stone Soup version 0.30-a0-867-g305f33218d (webtiles) character file.

Game seed: 4544291793614353888

151 Pimp the Insei (level 5, -3/34 HPs)
             Began as an Octopode Transmuter on Mar 10, 2023.
             Killed by divine providence
             ... invoked by an orc priest
              (13 damage)
             ... on level 4 of the Dungeon.
             The game lasted 00:09:48 (2728 turns).

Pimp the Insei (Octopode Transmuter)                Turns: 2728, Time: 00:09:49

Health: -3/34      AC:  5    Str:  9    XL:     5   Next: 33%
Magic:  7/8        EV: 13    Int: 17    God:
Gold:   151        SH:  0    Dex: 13    Spells: 7/8 levels left

rFire   . . .      SeeInvis .      - Unarmed
rCold   . . .      Faith    .    (no shield)
rNeg    + . .      Spirit   .    (helmet currently unavailable)
rPois   .          Reflect  .    (no amulet)
rElec   .          Rampage  .    j - ring of positive energy
rCorr   .                        k - +4 ring of protection
Will    .....                    (no ring)
Stlth   +++                      (no ring)
HPRegen 0.25/turn                (no ring)
MPRegen 0.11/turn                (no ring)
                                 (no ring)
                                 (no ring)

@: appendages
A: tentacle spike 3, almost no armour, amphibious, 8 rings, camouflage 1,
gelatinous body 1, (nimble swimmer 1), tentacles
a: End Transformation


You were on level 4 of the Dungeon.
One of your tentacles had grown a beastly spike.
You visited 1 branch of the dungeon, and saw 4 of its levels.

You collected 151 gold pieces.

Inventory:

Armour
 i - an orb of light
Jewellery
 j - a ring of positive energy (left tentacle)
 k - a +4 ring of protection (right tentacle)
Scrolls
 m - a scroll of poison
 p - a scroll of magic mapping {unknown}
Potions
 a - 2 potions of lignification
 b - a potion of heal wounds
 c - a potion of brilliance {unknown}
 d - a potion of berserk rage {unknown}
 e - 2 potions of mutation {unknown}
 f - a potion of flight {unknown}
 g - 3 potions of curing {unknown}
 n - 3 potions of attraction {unknown}


   Skills:
 + Level 1.9 Fighting
 + Level 2.6 Dodging
 + Level 2.1 Stealth
 * Level 4.2 Unarmed Combat
 + Level 2.4 Spellcasting
 + Level 2.6 Transmutations


You had 7 spell levels left.
You knew the following spells:

 Your Spells              Type           Power      Damage    Failure   Level
a - Beastly Appendage     Tmut           22%        N/A       6%          1

Your spell library contained the following spells:

 Spells                   Type           Power      Damage    Failure   Level
 Wereblood                Tmut           11%        N/A       10%         2
 Ensorcelled Hibernation  Hex/Ice        4%         N/A       28%         2
 Spider Form              Tmut/Pois      6%         N/A       32%         3
 Portal Projectile        Hex/Tloc       4%         N/A       50%         3
 Tukima's Dance           Hex            2%         N/A       50%         3
 Ice Form                 Ice/Tmut       6%         N/A       71%         4
 Blade Hands              Tmut           5%         N/A       86%         5
 Anguish                  Hex/Necr       1%         N/A       88%         4
 Borgnjor's Revivificati  Necr           1%         N/A       100%        8
 Necromutation            Tmut/Necr      3%         N/A       100%        8
 Death's Door             Necr           1%         N/A       100%        9


Dungeon Overview and Level Annotations

Branches:
Dungeon (4/15)
 Temple: D:4-7

Altars:

Annotations:
D:4 Robin


Innate Abilities, Weirdness & Mutations

One of your tentacles has grown a beastly spike.
You cannot wear most types of armour.
You are amphibious.
You can wear up to eight rings at the same time.
Your skin changes colour to match your surroundings (Stealth+).
Your rubbery body absorbs attacks. (AC +1, EV +1)
((You are camouflaged when in or above water. (Stealth+)))
You have tentacles for arms and can constrict up to eight enemies at once.


Message History

You tentacle-slap the orc. Your grab misses the orc.
The orc is heavily wounded.
You constrict the orc.
You kill the orc!
The orc misses you.
You closely miss the orc. You grab the orc.
The orc is heavily wounded.
You constrict the orc. The orc hits you with a +0 flail!
You tentacle-slap the orc.
Your tentacle-slap misses the orc.
The orc is severely wounded.
You constrict the orc, but do no damage.
The orc barely misses you.
You tentacle-slap the orc.
The orc is almost dead.
You constrict the orc.
You kill the orc!
You see here a +0 flail.
You start resting.
An orc priest is nearby!
You start resting.
An orc priest is nearby!
Casting: Beastly Appendage (safe; 6% risk of failure)
Confirm with . or Enter, or press ? or * to list all spells.
One of your tentacles grows a vicious spike.
The orc priest invokes the aid of Beogh against you.
Beogh smites you!
* * * LOW HITPOINT WARNING * * *
You barely miss the orc priest. You grab the orc priest.
You constrict the orc priest. The orc priest closely misses you.
You tentacle-slap the orc priest but do no damage.
You pierce the orc priest, but do no damage.
You squeeze the orc priest.
The orc priest is lightly wounded.
You constrict the orc priest. You tentacle-slap the orc priest.
The orc priest is heavily wounded.
You constrict the orc priest.
The orc priest mumbles some strange prayers to Beogh against you.
Beogh smites you!
You die...

# #..# ## ... #..#
.## ...# #..# .)##
....# #..# ...##
.....##..# #...#
#....#..# #...#
#...#..# #...#
#....## #...# #...@#
....# # ##..#o# .##
#.... ...##...#.##
..# ......
........#..## ....
#####..............#
S....
...###...#.).###....#
######)..#......
##.............
...o.............


You could see an orc priest.

Vanquished Creatures
  An orc priest (D:4)
  3 adders
  2 worms
  7 orcs
  5 bats
  6 endoplasms
  3 giant cockroaches
  6 goblins
  11 hobgoblins
  7 jackals (D:2)
  4 quokkas
  2 ball pythons (D:2)
  5 frilled lizards
  4 kobolds
  8 rats
74 creatures vanquished.

Notes
Turn   | Place    | Note
-------+----------+-------------------------------------------
     0 | D:1      | Pimp the Octopode Transmuter began the quest for the Orb.
     0 | D:1      | Reached XP level 1. HP: 13/13 MP: 3/3
   115 | D:1      | Reached XP level 2. HP: 15/18 MP: 3/5
   864 | D:2      | Reached XP level 3. HP: 21/23 MP: 6/6
  1156 | D:2      | Reached skill level 1 in Stealth
  1729 | D:2      | Reached XP level 4. HP: 27/28 MP: 7/7
  1953 | D:3      | Identified a scroll of acquirement
  1953 | D:3      | Acquired a book of Weapons
  2146 | D:3      | Reached skill level 4 in Unarmed Combat
  2176 | D:3      | Found a faded altar of an unknown god.
  2687 | D:4      | Noticed Robin
  2688 | D:4      | Noticed an ogre
  2698 | D:4      | Reached XP level 5. HP: 26/34 MP: 8/8
  2728 | D:4      | Killed from afar by an orc priest

Illustrated notes

Levels and vault maps discovered:
D:1:      minmay_arrival_jagged, layout_basic, nicolae_kite_square_tiling_tiny
D:2:      layout_loops_ring, nrook_campfire
D:3:      layout_basic, ebering_ecumenical_altar_mist
D:4:      layout_layer_cave, lemuel_tele_altar, nicolae_half_adder,
          uniq_menkaure, uniq_robin, uniq_edmund

Skill      XL: |  1  2  3  4  5 |
---------------+----------------+-----
Stealth        | 1 2 |  2.1
Unarmed Combat | 4 |  4.2
Fighting       | |  1.9
Dodging        | |  2.6
Spellcasting   | |  2.4
Transmutations | |  2.6

Action                     |  1- 3 |  4- 6 || total
---------------------------+-------+-------++-------
  Melee: Unarmed           |    98 |    64 ||   162
         Constrict         |    25 |    20 ||    45
         Kick              |     8 |    16 ||    24
         Tentacles         |    17 |    17 ||    34
         Punch             |     4 |     5 ||     9
   Cast: Beastly Appendage |    12 |    10 ||    22
    Use: Scroll            |     1 |     8 ||     9
         Potion            |       |     1 ||     1
   Stab: Sleeping          |     6 |     4 ||    10
 Armour: Skin              |    18 |     8 ||    26
  Dodge: Dodged            |    54 |    37 ||    91

Table legend: (Time is in decaauts)
 A = Elapsed time spent in this place.
 B = Non-inter-level travel time spent in this place.
 C = Inter-level travel time spent in this place.
 D = Time resting spent in this place.
 E = Time spent auto-exploring this place.
 F = Levels seen in this place.
 G = Mean time per level.
                   A        B        C        D        E       F      G
               +--------+--------+--------+--------+--------+-----+--------+
         Total |   2714 |   2608 |    106 |    347 |   1690 |   4 |  678.5 |
       Dungeon |   2714 |   2608 |    106 |    347 |   1690 |   4 |  678.5 |
               +--------+--------+--------+--------+--------+-----+--------+

Top non-repeatable levels by time:
     D:2: 1002 daAuts
     D:1: 817 daAuts
     D:3: 747 daAuts
     D:4: 147 daAuts
